 Dungeon Crawl Stone Soup version 0.28-a0-1447-ga5a8893891 (webtiles) character file.

Game seed: 6577813659139411942

97 eustatius the Magician (level 5, 0/35 HPs)
             Began as a Djinni Ice Elementalist on Jan 11, 2022.
             Was an Initiate of Qazlal.
             Killed by divine providence
             ... invoked by an orc priest
              (14 damage)
             ... on level 4 of the Dungeon.
             The game lasted 00:11:09 (3735 turns).

eustatius the Magician (Djinni Ice Elementalist)    Turns: 3735, Time: 00:11:09

Health: 0/35       AC:  3    Str:  7    XL:     5   Next: 0%
Gold:   140        EV: 12    Int: 19    God:    Qazlal [......] SH:  0 Dex: 13

rFire   + + .      SeeInvis .   (no weapon)
rCold   x . .      Faith    .   (no shield)
rNeg    . . .      Spirit   .   a - +0 robe
rPois   ∞          Reflect  .   (no helmet)
rElec   .          Harm     .   (no cloak)
rCorr   .          Rampage  .   c - +0 pair of gloves
Will    .....                   (boots unavailable)
Stlth   ++........              (no amulet)
HPRegen 0.11/turn               (no ring)
MPRegen 0.00/turn               (no ring)

@: flying
A: sickness immunity, fire resistance 2, cold vulnerability 1, float, innate
caster, hp casting, extra vitality 1
a: Renounce Religion


You were on level 4 of the Dungeon.
You worshipped Qazlal.
Qazlal was noncommittal.
You visited 1 branch of the dungeon, and saw 4 of its levels.

You collected 140 gold pieces.

Inventory:

Missiles
 d - 35 bolts
 h - 5 boomerangs (quivered)
Armour
 a - a +0 robe (worn)
 c - a +0 pair of gloves (worn)
 l - a +0 pair of gloves
Jewellery
 i - a ring of resist corrosion
 j - a ring of protection from cold
 v - a +6 ring of strength
Scrolls
 e - 2 scrolls of identify {unknown}
 g - a scroll of magic mapping {unknown}
 k - a scroll of summoning {unknown}
 m - a scroll of brand weapon {unknown}
 r - 2 scrolls of teleportation {unknown}
 s - a scroll of acquirement {unknown}
 t - a scroll of immolation {unknown}
Potions
 b - a potion of ambrosia {unknown}
 f - 3 potions of curing {unknown}
 n - 2 potions of heal wounds {unknown}
 o - a potion of lignification {unknown}
 p - a potion of invisibility {unknown}
 q - a potion of attraction {unknown}
 u - a potion of might {unknown}


   Skills:
 + Level 0.1 Fighting
 + Level 2.2 Dodging
 + Level 1.7 Stealth
 + Level 0.1 Unarmed Combat
 + Level 4.5 Spellcasting


You couldn't memorise any spells.
You knew the following spells:

 Your Spells              Type           Power      Damage    Failure   Level
a - Freeze                Ice            84%        1d10      1%          1
b - Frozen Ramparts       Ice            42%        1d6       6%          3
c - Ozocubu's Armour      Ice            21%        N/A       6%          3
d - Hailstorm             Conj/Ice       21%        3d6       21%         4
e - Magic Dart            Conj           84%        1d7       1%          1
f - Searing Ray           Conj           42%        2d6       3%          2
Your spell library was empty.

Dungeon Overview and Level Annotations

Branches:
Dungeon (4/15)
 Temple: D:4-7

Altars:
Gozag
Makhleb
Qazlal
Sif Muna


Innate Abilities, Weirdness & Mutations

You are immune to sickness and miasma.
You are immune to poison.
Your flesh is very heat resistant. (rF++)
You are vulnerable to cold. (rC-)
You float through the air rather than walking.
You learn spells naturally, not from books.
Your magical power is your life essence.
You have superior vitality. (+4 MHP)


Message History

Casting: Magic Dart (safe; 1% risk of failure)
Confirm with . or Enter, or press ? or * to list all spells.
You don't know that spell.
Unknown command.
Casting: Magic Dart (safe; 1% risk of failure)
Confirm with . or Enter, or press ? or * to list all spells.
Aiming: Magic Dart (safe; 1% risk of failure)
Press: ? - help, Shift-Dir - straight line, f/p - orc wizard
Aim: an orc wizard, wielding a +0 dagger and wearing a +0 robe (lightly wounded, 100% to hit)
The magic dart hits the orc wizard.
The orc wizard is heavily wounded.
The orc wizard gestures at you while chanting.
You resist with some effort.
Unknown command.
Casting: Magic Dart (safe; 1% risk of failure)
Confirm with . or Enter, or press ? or * to list all spells.
Aiming: Magic Dart (safe; 1% risk of failure)
Press: ? - help, Shift-Dir - straight line, f/p - orc wizard
Aim: an orc wizard, wielding a +0 dagger and wearing a +0 robe (heavily wounded, 100% to hit)
The magic dart hits the orc wizard but does no damage.
The orc wizard is heavily wounded.
Casting: Magic Dart (safe; 1% risk of failure)
Confirm with . or Enter, or press ? or * to list all spells.
Aiming: Magic Dart (safe; 1% risk of failure)
Press: ? - help, Shift-Dir - straight line, f/p - orc wizard
Aim: an orc wizard, wielding a +0 dagger and wearing a +0 robe (heavily wounded, 100% to hit)
The magic dart hits the orc wizard.
The orc wizard is severely wounded.
Casting: Magic Dart (safe; 1% risk of failure)
Confirm with . or Enter, or press ? or * to list all spells.
Aiming: Magic Dart (safe; 1% risk of failure)
Press: ? - help, Shift-Dir - straight line, f/p - orc wizard
Aim: an orc wizard, wielding a +0 dagger and wearing a +0 robe (severely wounded, 100% to hit)
The magic dart hits the orc wizard.
The orc wizard is almost dead.
The orc wizard casts a spell at you. You resist with some effort.
The orc priest invokes the aid of Beogh against you.
Beogh smites you!
You die...

##o.... ### #.#..#)#(
... #.#.)#... ###
#.#.#...# #.#...o.#
##+# #.#...o.####.#
##...##
#.#..........#
##.....###.#....####
##.......##.#...@...#
#..........[#....##.#
+.>.......+.#.#...#.#
#.........#.#..#.##.#
##.......##.#..#....#
###.....###..##..####
.###...## #......# ##
##'## ####...# # #.#
#.###


You could see an orc priest and an orc wizard.

Vanquished Creatures
  4 adders
  2 orcs (D:4)
  6 endoplasms
  5 giant cockroaches
  9 goblins
  4 hobgoblins
  A kobold (D:2)
  2 quokkas (D:1)
  A ball python (D:1)
  14 bats
  2 frilled lizards
  2 rats
52 creatures vanquished.

Notes
Turn   | Place    | Note
-------+----------+-------------------------------------------
     0 | D:1      | eustatius the Djinni Ice Elementalist began the quest for
                  | the Orb.
     0 | D:1      | Reached XP level 1. HP: 15/15 MP: 0/0
   448 | D:1      | Reached XP level 2. HP: 18/21 MP: 0/0
  1203 | D:1      | Reached XP level 3. HP: 24/25 MP: 0/0
  1203 | D:1      | Learned a level 1 spell: Magic Dart
  1791 | D:2      | Reached skill level 4 in Spellcasting
  2167 | D:2      | Reached XP level 4. HP: 24/31 MP: 0/0
  2800 | D:3      | Found a burning altar of Makhleb.
  2807 | D:3      | Found a stormy altar of Qazlal.
  2810 | D:3      | Found an opulent altar of Gozag.
  2865 | D:3      | Became a worshipper of Qazlal Stormbringer
  3731 | D:4      | Reached XP level 5. HP: 30/35 MP: 0/0
  3731 | D:4      | Learned a level 2 spell: Searing Ray
  3735 | D:4      | Killed from afar by an orc priest

Illustrated notes

Levels and vault maps discovered:
D:1:      elethiomel_arrival_shortcut, layout_loops_ring
D:2:      layout_rooms
D:3:      layout_loops_ring, grunt_temple_overflow_cloverleaf, roderic_batcave
D:4:      layout_loops_corners, minmay_misc_feat_enclosed,
          minmay_curled_crystal, nicolae_zen_rock_garden, grunt_decor_fettered

Skill      XL: |  1  2  3 |
---------------+----------+-----
Spellcasting   | 4 |  4.5
Fighting       | |  0.1
Dodging        | |  2.2
Stealth        | |  1.7
Unarmed Combat | |  0.1

Action                   |  1- 3 |  4- 6 || total
-------------------------+-------+-------++-------
Melee: Unarmed           |     9 |     6 ||    15
       Punch             |     1 |       ||     1
 Cast: Freeze            |    38 |    21 ||    59
       Magic Dart        |    19 |    24 ||    43
       Ozocubu's Armour  |     1 |       ||     1
 Stab: Sleeping          |     2 |       ||     2
Armor: Robe              |    12 |    11 ||    23
Dodge: Dodged            |    30 |    18 ||    48

Table legend: (Time is in decaauts)
 A = Elapsed time spent in this place.
 B = Non-inter-level travel time spent in this place.
 C = Inter-level travel time spent in this place.
 D = Time resting spent in this place.
 E = Time spent auto-exploring this place.
 F = Levels seen in this place.
 G = Mean time per level.
                   A        B        C        D        E       F      G
               +--------+--------+--------+--------+--------+-----+--------+
         Total |   3734 |   3564 |    170 |    346 |   2753 |   4 |  933.5 |
       Dungeon |   3734 |   3564 |    170 |    346 |   2753 |   4 |  933.5 |
               +--------+--------+--------+--------+--------+-----+--------+

Top non-repeatable levels by time:
     D:1: 1786 daAuts
     D:3: 927 daAuts
     D:2: 921 daAuts
     D:4: 98 daAuts
